 Dungeon Crawl Stone Soup version 0.28-a0-998-gb9e9c7b67e (webtiles) character file.

Game seed: 16613114978253493825

3 ytrimaz the Insei (level 1, -1/13 HPs)
             Began as an Octopode Transmuter on Dec 5, 2021.
             Slain by a gnoll (9 damage)
             ... on level 1 of the Dungeon.
             The game lasted 00:00:26 (98 turns).

ytrimaz the Insei (Octopode Transmuter)               Turns: 98, Time: 00:00:27

Health: -1/13      AC:  1    Str:  9    XL:     1   Next: 50%
Magic:  2/3        EV: 13    Int: 15    God:
Gold:   11         SH:  0    Dex: 12    Spells: 3/4 levels left

rFire   . . .      SeeInvis .     - Unarmed
rCold   . . .      Faith    .   (no shield)
rNeg    . . .      Spirit   .   (helmet restricted)
rPois   .          Reflect  .   (no amulet)
rElec   .          Harm     .   (no ring)
rCorr   .          Rampage  .   (no ring)
Will    .....                   (no ring)
Stlth   ++........              (no ring)
HPRegen 0.04/turn               (no ring)
MPRegen 0.08/turn               (no ring)
                                (no ring)
                                (no ring)

@: very slightly contaminated
A: almost no armour, amphibious, 8 rings, camouflage 1, gelatinous body 1,
(nimble swimmer 1), tentacles
a: no special abilities


You were on level 1 of the Dungeon.
You visited 1 branch of the dungeon, and saw 1 of its levels.

You collected 11 gold pieces.

Inventory:

Scrolls
 a - a scroll of identify {unknown}
 b - a scroll of teleportation {unknown}


   Skills:
 * Level 1.1 Fighting
 + Level 2.0 Dodging
 + Level 3.1 Unarmed Combat
 + Level 2.0 Spellcasting
 + Level 2.0 Transmutations


You had 3 spell levels left.
You knew the following spells:

 Your Spells              Type           Power      Damage    Failure   Level
a - Beastly Appendage     Tmut           14%        N/A       10%         1

Your spell library contained the following spells:

 Spells                   Type           Power      Damage    Failure   Level
 Wereblood                Tmut           7%         N/A       14%         2
 Spider Form              Tmut/Pois      4%         N/A       41%         3
 Ice Form                 Ice/Tmut       4%         N/A       82%         4


Dungeon Overview and Level Annotations

Branches:
Dungeon (1/15)

Altars:


Innate Abilities, Weirdness & Mutations

You cannot wear most types of armour.
You are amphibious.
You can wear up to eight rings at the same time.
Your skin changes colour to match your surroundings (Stealth+).
Your rubbery body absorbs attacks. (AC +1, EV +1)
((You are camouflaged near water. (Stealth+)))
You have tentacles for arms and can constrict up to eight enemies at once.


Message History

Okay, then.
Unknown command.
Your transformation is almost over.
Magic restored.
A rat comes into view.
A rat is nearby!
A rat is nearby!
Your tentacle spike disappears.
The rat bites you.
You tentacle-slap the rat.
You kill the rat!
HP restored.
A ball python comes into view.
A ball python is nearby!
A ball python is nearby!
You see here a scroll labelled NEARALE UTEK.
The helpless ball python fails to defend itself.
You tentacle-slap the ball python.
You kill the ball python!
You see here a ball python corpse.
b - a scroll labelled NEARALE UTEK A gnoll comes into view.
It is wielding a +0 club.
Found a dagger.
Found a faded altar of an unknown god.
The gnoll shouts!
You hear an angry hiss.
A gnoll is nearby!
A gnoll is nearby!
You miscast Beastly Appendage.
You are very lightly contaminated with residual magic.
Nothing appears to happen.
The gnoll misses you.
You completely miss the gnoll. Your grab misses the gnoll.
Your squeeze misses the gnoll. The gnoll barely misses you.
A frilled lizard comes into view.
You barely miss the gnoll.
The frilled lizard hisses angrily.
You grab the gnoll. You constrict the gnoll. The gnoll hits you with a +0 club.
You tentacle-slap the gnoll but do no damage.
The gnoll is lightly wounded.
You constrict the gnoll. The gnoll hits you with a +0 club!
Ouch! That really hurt!
You die...

... .... . ... ###
##...# ####. ....
... .....+ ...##
.....#.. .....# ...#
...#.###....# #..#
..........# #..#
#..#.....######..#
#..#.†...##.......
#@#...#.###...##.#
#..g#..##.###...##.#
#...#...............
#...#.#.....#...####
....#.#.#..##...#
..##.#.#.#..##...#
_.. #.#...#..##...#
.... .........##...#
.#####.######


You could see a gnoll.

Vanquished Creatures
  A ball python (D:1)
  A goblin (D:1)
  A rat (D:1)
3 creatures vanquished.

Notes
Turn   | Place    | Note
-------+----------+-------------------------------------------
     0 | D:1      | ytrimaz the Octopode Transmuter began the quest for the
                  | Orb.
     0 | D:1      | Reached XP level 1. HP: 13/13 MP: 3/3
    93 | D:1      | Found a faded altar of an unknown god.
    98 | D:1      | Slain by a gnoll

Illustrated notes

Levels and vault maps discovered:
D:1:      minmay_arrival_arboretum_small, layout_basic,
          ebering_ecumenical_altar_sacrificial

Action                   || total
-------------------------++-------
Melee: Unarmed           ||     6
       Constrict         ||     1
 Cast: Beastly Appendage ||     1
 Stab: Sleeping          ||     1
Armor: Skin              ||     1
Dodge: Dodged            ||     2

Table legend: (Time is in decaauts)
 A = Elapsed time spent in this place.
 B = Non-inter-level travel time spent in this place.
 C = Inter-level travel time spent in this place.
 D = Time resting spent in this place.
 E = Time spent auto-exploring this place.
 F = Levels seen in this place.
 G = Mean time per level.
                   A        B        C        D        E       F      G
               +--------+--------+--------+--------+--------+-----+--------+
         Total |     97 |     97 |      0 |      0 |     69 |   1 |   97.0 |
       Dungeon |     97 |     97 |      0 |      0 |     69 |   1 |   97.0 |
               +--------+--------+--------+--------+--------+-----+--------+

Top non-repeatable levels by time:
     D:1: 97 daAuts
